 Dungeon Crawl Stone Soup version 0.28.0-45-g0d030f2227 (webtiles) character file.

Game seed: 15609547162795525432

1814 101zpm the Thaumaturge (level 9, -10/58 HPs)
             Began as a Djinni Ice Elementalist on Apr 11, 2022.
             Was a Follower of Nemelex Xobeh.
             Mangled by a wyvern zombie (12 damage)
             ... on level 7 of the Dungeon.
             The game lasted 00:26:35 (8725 turns).

101zpm the Thaumaturge (Djinni Ice Elementalist)    Turns: 8725, Time: 00:26:35

Health: -10/58     AC:  4    Str:  7    XL:     9   Next: 31%
Gold:   231        EV: 13    Int: 22    God:    Nemelex Xobeh [*.....] SH:  0 Dex: 13

rFire   + + +      SeeInvis .   o - +4 hand axe
rCold   x . .      Faith    .   (no shield)
rNeg    . . .      Spirit   .   a - +0 robe
rPois   ∞          Reflect  .   (no helmet)
rElec   .          Harm     .   d - +0 cloak
rCorr   .          Rampage  .   s - +0 pair of gloves
Will    .....                   (boots unavailable)
Stlth   ++........              (no amulet)
HPRegen 0.19/turn               k - ring of protection from fire
MPRegen 0.00/turn               (no ring)

@: flying
A: sickness immunity, fire resistance 2, cold vulnerability 1, float, innate
caster, HP casting, extra vitality 1
a: Renounce Religion, Draw Escape, Draw Destruction, Draw Summoning


You were on level 7 of the Dungeon.
You worshipped Nemelex Xobeh.
Nemelex Xobeh was aware of your devotion.
You visited 1 branch of the dungeon, and saw 7 of its levels.

You collected 231 gold pieces.

Inventory:

Hand Weapons
 o - a +4 hand axe (weapon)
 r - a +0 flail of protection
Missiles
 e - 15 poisoned darts
 h - 2 curare-tipped darts
Armour
 a - a +0 robe (worn)
 d - a +0 cloak (worn)
 s - a +0 pair of gloves (worn)
Magical Staves
 c - a staff of air
Jewellery
 k - a ring of protection from fire (left hand)
 t - a ring of resist corrosion
 v - a +6 ring of intelligence
Wands
 j - a wand of polymorph (12)
 n - a wand of flame (26)
 w - a wand of iceblast (8)
Scrolls
 f - a scroll of enchant weapon
 g - 5 scrolls of identify
 l - a scroll of noise {unknown}
 m - a scroll of brand weapon {unknown}
 p - 2 scrolls of teleportation {unknown}
 u - a scroll of enchant armour {unknown}
Potions
 b - a potion of curing
 i - a potion of mutation {unknown}
 q - a potion of degeneration {unknown}


   Skills:
 + Level 2.2 Fighting
 + Level 3.6 Dodging
 + Level 3.1 Stealth
 + Level 8.7 Spellcasting


You had 6 spell levels left.
You knew the following spells:

 Your Spells              Type           Power      Damage    Failure   Level
a - Freeze                Ice            100%       1d11      1%          1
b - Frozen Ramparts       Ice            96%        1d11      1%          3
c - Ozocubu's Armour      Ice            48%        N/A       1%          3
d - Hailstorm             Conj/Ice       48%        3d11      1%          4
e - Magic Dart            Conj           100%       1d8       1%          1
f - Call Imp              Summ           48%        N/A       1%          2
g - Corpse Rot            Necr/Air       96%        N/A       1%          2
h - Swiftness             Air            48%        N/A       1%          3
Your spell library was empty.

Dungeon Overview and Level Annotations

Branches:
Dungeon (7/15)
 Temple: D:4-7

Altars:
Nemelex Xobeh
Okawaru
Xom
Yredelemnul


Innate Abilities, Weirdness & Mutations

You are immune to sickness and miasma.
You are immune to poison.
Your flesh is very heat resistant. (rF++)
You are vulnerable to cold. (rC-)
You float through the air rather than walking.
You learn spells naturally, not from books.
Your magical power is your life essence.
You have superior vitality. (+4 MHP)


Message History

Press: ? - help, Q - select action, (/) - cycle Shift-Dir - straight line, f/p - wyvern zombie
Aim: a wyvern zombie (lightly damaged, ally target, 100% to hit)
The magic dart hits the wyvern zombie but does no damage.
The wyvern zombie is lightly damaged.
The wyvern zombie resists.
The wall freezes the wyvern zombie.
The wyvern zombie bites you.
Your crimson imp blinks!
The wyvern zombie completely resists.
The wall freezes the wyvern zombie but does no damage.
The wyvern zombie bites you!
Casting: Magic Dart (safe; 1% risk of failure)
Confirm with . or Enter, or press ? or * to list all spells.
Aiming: Freeze (safe; 1% risk of failure)
Press: ? - help, Shift-Dir - straight line, f/p - wyvern zombie
Aim: a wyvern zombie (moderately damaged)
You freeze the wyvern zombie.
The wyvern zombie resists.
The wyvern zombie is moderately damaged.
The wyvern zombie resists.
The wall freezes the wyvern zombie.
The wyvern zombie bites you.
* * * LOW HITPOINT WARNING * * *
Casting: Freeze (safe; 1% risk of failure)
Confirm with . or Enter, or press ? or * to list all spells.
Aiming: Freeze (safe; 1% risk of failure)
Press: ? - help, Shift-Dir - straight line, f/p - wyvern zombie
Aim: a wyvern zombie (moderately damaged, ally target)
You freeze the wyvern zombie.
The wyvern zombie resists.
The wyvern zombie is moderately damaged.
* * * LOW HITPOINT WARNING * * *
The wyvern zombie resists.
The wall freezes the wyvern zombie.
The wyvern zombie bites you!
* * * LOW HITPOINT WARNING * * *
Your frozen ramparts will break if you move.
Continue?
The frozen ramparts melt away as you move.
Your crimson imp hits the wyvern zombie.
The wyvern zombie barely misses you. The wyvern zombie bites you.
* * * LOW HITPOINT WARNING * * *
The wyvern zombie bites you!
You die...
Your body disappears without a glow.

#....)#...........[..
#.###.#......##.###.# ..
##.###.#......##.# #.. ...
####............###.# ### ....
..#....#.....>..###.#####
....###.#...#.#..##...........#
........#..#._.#..#......####.#
....../.....#.#..[.......##....
........#....#@.)##......##.#.#
.>..###.#....Z................#
./......####5#..#####.#####.###
...##........##.#####.# #.#
#.#####........##.#####.# #.
#.###.##.......##.# .. #.#
#.##.##.##.##.# .# #.#
#.......##.##.# .. #.#
####.........(#


You could see a wyvern zombie (ally target) and a friendly crimson imp
(summoned).

Vanquished Creatures
  Eustachio (D:5)
  A water moccasin (D:6)
  A black bear (D:6)
  An ice beast (D:6)
  An ogre (D:6)
  2 phantoms (D:6)
  A gnoll sergeant (D:5)
  A scorpion (D:4)
  2 bullfrogs
  A water moccasin zombie (D:6)
  2 wights (D:4)
  5 hounds
  A gnoll shaman (D:5)
  2 iguanas (D:6)
  Jessica (D:3)
  2 centaur skeletons
  A killer bee zombie (D:5)
  8 gnolls
  7 adders
  21 orcs
  2 endoplasms
  4 giant cockroaches
  13 goblins
  7 hobgoblins
  6 jackals (D:2)
  3 kobolds
  A quokka (D:1)
  8 ball pythons
  4 bats
  3 frilled lizards
  A jackal skeleton (D:2)
  4 rats
118 creatures vanquished.

Vanquished Creatures (collateral kills)
  Menkaure (D:4)
  A wight (D:4)
  An orc wizard (D:7)
  An adder (D:4)
  3 orcs
  A giant cockroach (D:4)
8 creatures vanquished.

Vanquished Creatures (others)
  20 plants (D:5)
20 creatures vanquished.

Grand Total: 146 creatures vanquished

Notes
Turn   | Place    | Note
-------+----------+-------------------------------------------
     0 | D:1      | 101zpm the Djinni Ice Elementalist began the quest for the
                  | Orb.
     0 | D:1      | Reached XP level 1. HP: 15/15 MP: 0/0
   237 | D:2      | Reached XP level 2. HP: 17/21 MP: 0/0
   451 | D:2      | Reached XP level 3. HP: 18/25 MP: 0/0
   451 | D:2      | Learned a level 1 spell: Magic Dart
   455 | D:2      | Reached skill level 4 in Spellcasting
   675 | D:2      | Found a basalt altar of Yredelemnul.
   677 | D:2      | You are sucked into a shaft and drop 1 floor!
   819 | D:3      | Noticed Jessica
  1699 | D:1      | Reached XP level 4. HP: 31/31 MP: 0/0
  2670 | D:3      | Killed Jessica
  2961 | D:3      | Reached XP level 5. HP: 28/35 MP: 0/0
  2961 | D:3      | Learned a level 2 spell: Call Imp
  3072 | D:3      | Found a sparkling altar of Nemelex Xobeh.
  3576 | D:4      | Reached skill level 5 in Spellcasting
  3591 | D:4      | Reached XP level 6. HP: 3/41 MP: 0/0
  4043 | D:4      | Noticed Menkaure
  4051 | D:4      | Killed Menkaure
  4390 | D:4      | Reached XP level 7. HP: 38/46 MP: 0/0
  4390 | D:4      | Learned a level 2 spell: Corpse Rot
  4490 | D:4      | Reached skill level 6 in Spellcasting
  4918 | D:4      | Reached skill level 1 in Fighting
  5114 | D:4      | Found a shimmering altar of Xom.
  5535 | D:5      | Entered Level 5 of the Dungeon
  5739 | D:5      | Noticed Eustachio
  5749 | D:5      | Killed Eustachio
  5750 | D:5      | Reached XP level 8. HP: 27/52 MP: 0/0
  6319 | D:5      | Reached skill level 7 in Spellcasting
  7112 | D:3      | Became a worshipper of Nemelex Xobeh the Trickster
  7652 | D:6      | Reached skill level 8 in Spellcasting
  7872 | D:6      | Reached XP level 9. HP: 52/58 MP: 0/0
  7872 | D:6      | Learned a level 3 spell: Swiftness
  8449 | D:7      | Reached * piety under Nemelex Xobeh
  8543 | D:7      | Found an iron altar of Okawaru.
  8722 | D:7      | HP: 2/58 [wyvern zombie (2)]
  8725 | D:7      | Mangled by a wyvern zombie

Illustrated notes

Levels and vault maps discovered:
D:1:      dpeg_arrival_pits, layout_basic, minmay_stone_trees_small
D:2:      layout_loops_cross, basic_altar, grunt_ministairs_9
D:3:      layout_rooms, overflow_temple_1_default, minmay_misc_feat_cross,
          uniq_jessica
D:4:      layout_basic, kennysheep_mini_moat, uniq_menkaure
D:5:      layout_loops_corners, nicolae_grassy_gnolls, uniq_eustachio
D:6:      layout_basic
D:7:      layout_loops_cross, okawaru_metal_pillars_3,
          minmay_temple_entry_overgrown, enter_bailey_3, supply_closet_lemuel

Skill      XL: |  1  2  3  4  5  6  7  8  9 |
---------------+----------------------------+-----
Spellcasting   | 4 5 6 8 |  8.7
Stealth        | 2 3 |  3.1
Fighting       | 1 2 |  2.2
Dodging        | 3 |  3.6

Action                   |  1- 3 |  4- 6 |  7- 9 || total
-------------------------+-------+-------+-------++-------
Melee: Staff             |     1 |     9 |       ||    10
 Cast: Freeze            |    30 |     3 |    14 ||    47
       Magic Dart        |    15 |    78 |   180 ||   273
       Frozen Ramparts   |     2 |     4 |    27 ||    33
       Call Imp          |       |     8 |    13 ||    21
       Ozocubu's Armour  |       |       |     1 ||     1
       Hailstorm         |       |       |     1 ||     1
  Use: Scroll            |       |       |     2 ||     2
       Potion            |       |       |     1 ||     1
Armor: Robe              |     3 |     4 |    21 ||    28
Dodge: Dodged            |     9 |    15 |    44 ||    68
